AoeStats
← MladejBaller

Four Lakes

509871618Analyzed
1v1 RM · 4d ago on Sep 28, 2026· 35m 0s· 2 players
Game mode
Random Map
Map size
Tiny (2 player)
Population
200
Speed
Normal
Resources
Standard
Victory
Conquest
Starting age
Dark Age
Ending age
Imperial Age
RankedLock teamsTeams togetherTeam positionsShared explorationLock speedFull tech treeHidden civsTurbo modeCheats
Victory
Defeat
🇨🇿 Vikings · Czechia
573
+13
🇲🇽 Spanish · Mexico
508
-22
LAchAngA0909
0:45 Loom
11:54 Feudal Age
12:40 Double-Bit Axe
13:59 Wheelbarrow
15:30 Gold Mining
16:39 Town Watch
16:58 Man-at-Arms
18:51 Stone Mining
19:35 Padded Archer Armor
19:36 Horse Collar
20:06 Horse Collar
20:48 Fletching
23:20 Forging
28:33 Castle Age
28:24 Fishing Lines
29:32 Hand Cart
30:27 Stone Shaft Mining
32:02 Iron Casting
32:34 Inquisition
34:24 Heavy Plow
MladejBaller
4:00 Loom
10:31 Feudal Age
14:32 Fishing Lines
15:05 Fletching
19:06 Castle Age
20:54 Forging
20:53 Scale Barding Armor
22:37 Bodkin Arrow
27:03 Ballistics
30:34 Imperial Age
35:29 Bracer
36:04 Iron Casting
Connection lost

Rejoining the realm…

Still unreachable

The connection could not be restored.

Session expired

The server has moved on; the page needs a fresh start.